AoeStats
← Horizon

Black Forest

508864338Analyzed
4v4 RM · 8d ago on Sep 24, 2026· 46m 53s· 8 players
Game mode
Random Map
Map size
Large (8 player)
Population
200
Speed
Normal
Resources
Standard
Victory
Conquest
Starting age
Dark Age
Ending age
Imperial Age
RankedLock teamsTeams togetherTeam positionsShared explorationLock speedFull tech treeHidden civsTurbo modeCheats
Victory
Defeat
🇻🇳 Saracens · Vietnam
1584
+15
🇯🇵 Turks · Japan
1530
+17
1513
+18
🇵🇰 Japanese · Pakistan
1485
+18
🇩🇪 Danes · Germany
1575
-18
🇫🇷 Dravidians · France
1572
-18
🇩🇪 Saxons · Germany
1566
-18
🇨🇿 Gurjaras · Czechia
1486
-14
god comic
9:56 Loom
12:27 Feudal Age
15:59 Castle Age
14:35 Double-Bit Axe
15:14 Horse Collar
17:29 Gold Mining
24:14 Imperial Age
30:03 Padded Archer Armor
30:14 Forging
34:52 Leather Archer Armor
35:19 Town Watch
38:44 Wheelbarrow
39:44 Fletching
42:22 Bodkin Arrow
Viet Nam Strategy
0:59 Loom
13:17 Feudal Age
15:22 Fletching
16:27 Wheelbarrow
16:32 Double-Bit Axe
24:54 Castle Age
22:46 Horse Collar
23:36 Stone Mining
23:37 Gold Mining
26:43 Bodkin Arrow
29:00 Bow Saw
32:19 Heavy Plow
35:49 Imperial Age
34:16 Hand Cart
35:45 Scale Barding Armor
44:17 Bracer
44:18 Padded Archer Armor
45:18 Elite Skirmisher
46:44 Thumb Ring
46:56 Leather Archer Armor
虎!虎!虎!
5:16 Loom
6:21 Loom
6:42 Loom
6:56 Double-Bit Axe
13:59 Feudal Age
14:26 Fishing Lines
15:21 Bow Saw
18:35 Wheelbarrow
21:41 Castle Age
20:27 Gold Mining
20:34 Gillnets
23:59 Two-Man Saw
25:46 Imperial Age
24:07 Guilds
24:44 Scale Mail Armor
24:55 Forging
25:45 Chain Mail Armor
26:51 Iron Casting
27:27 Chemistry
26:44 Squires
27:29 Wheelbarrow
27:43 Padded Archer Armor
28:15 Plate Mail Armor
30:44 Leather Archer Armor
33:30 Hand Cart
38:23 Arson
39:59 Blast Furnace
40:51 Scale Barding Armor
41:29 Gold Shaft Mining
40:44 Town Watch
41:09 Pikeman
41:59 Halberdier
46:40 Husbandry
46:01 Cavalier
Horizon
9:07 Feudal Age
9:13 Man-at-Arms
16:45 Double-Bit Axe
16:55 Horse Collar
18:02 Fishing Lines
20:35 Loom
21:16 Fletching
25:17 Castle Age
24:55 Gold Mining
25:19 Town Watch
26:10 Wheelbarrow
26:20 Bow Saw
26:49 Gold Shaft Mining
31:57 Imperial Age
29:31 Scale Mail Armor
29:41 Forging
31:08 Chain Mail Armor
30:29 Long Swordsman
30:54 Gambesons
31:10 Squires
30:55 Arson
31:21 Gillnets
32:58 Iron Casting
33:04 Conscription
32:41 Bodkin Arrow
33:18 Plate Mail Armor
32:09 Two-Handed Swordsman
33:16 Hand Cart
33:15 Champion
35:01 Blast Furnace
36:02 Caravan
41:49 Coinage
40:53 Pikeman
41:31 Bodkin Arrow
41:24 Halberdier
Chili
0:45 Loom
12:36 Feudal Age
13:10 Man-at-Arms
18:14 Fletching
26:39 Castle Age
25:53 Double-Bit Axe
25:49 Horse Collar
26:00 Gold Mining
29:15 Fortified Wall
31:11 Bow Saw
35:55 Wheelbarrow
35:25 Heavy Plow
38:37 Stone Mining
39:40 Hand Cart
40:06 Gold Shaft Mining
45:29 Imperial Age
43:37 Scale Mail Armor
44:23 Forging
44:14 Squires
44:00 Gambesons
44:00 Arson
45:13 Chain Mail Armor
46:13 Iron Casting
45:34 Elite Hearth Troop
45:43 Shield Wall
46:45 Conscription
47:01 Plate Mail Armor
polom.s1989
0:27 Loom
9:52 Loom
12:04 Feudal Age
10:34 Loom
12:21 Feudal Age
19:11 Castle Age
17:02 Double-Bit Axe
17:46 Horse Collar
21:58 Wheelbarrow
23:49 Heavy Plow
24:21 Bow Saw
24:58 Hand Cart
26:29 Town Watch
31:52 Imperial Age
30:23 Forging
30:19 Scale Barding Armor
30:59 Bloodlines
32:46 Iron Casting
32:48 Chain Barding Armor
33:20 Crop Rotation
32:48 Elite Shrivamsha Rider
33:56 Husbandry
35:24 Husbandry
36:11 Plate Barding Armor
35:39 Gold Mining
35:39 Stone Mining
36:33 Fletching
36:44 Padded Archer Armor
37:37 Ballistics
38:17 Chemistry
37:45 Thumb Ring
38:04 Bodkin Arrow
Vicky R
0:40 Loom
12:54 Feudal Age
15:06 Double-Bit Axe
15:09 Horse Collar
21:03 Castle Age
20:59 Wheelbarrow
20:36 Gold Mining
20:37 Stone Mining
23:11 Scale Mail Armor
23:22 Forging
26:02 Bow Saw
27:20 Fishing Lines
30:51 Heavy Plow
32:51 Masonry
Lil Fabrice
12:22 Feudal Age
13:35 Double-Bit Axe
16:11 Castle Age
15:14 Horse Collar
16:03 Forging
16:35 Fishing Lines
17:23 Gillnets
18:19 Bow Saw
22:16 Gold Mining
23:08 Wheelbarrow
23:06 Stone Mining
25:04 Hand Cart
29:02 Imperial Age
26:46 Fletching
26:59 Padded Archer Armor
27:02 Husbandry
27:37 Bodkin Arrow
28:14 Thumb Ring
28:25 Leather Archer Armor
27:58 Town Watch
29:53 Ballistics
29:57 Medical Corps
30:12 Conscription
29:27 Elite Elephant Archer
30:09 Bracer
32:01 Ring Archer Armor
34:15 Chemistry
45:29 Elite Skirmisher
46:39 Masonry
Connection lost

Rejoining the realm…

Still unreachable

The connection could not be restored.

Session expired

The server has moved on; the page needs a fresh start.